 Dungeon Crawl Stone Soup version 0.23-a0-391-g8c51ad5 (webtiles) character file.

190 Cryolive the Digger (level 5, -9/28 HPs)
             Began as a Gargoyle Earth Elementalist on Oct 30, 2018.
             Was an Initiate of Vehumet.
             Killed by divine providence
             ... invoked by an orc priest
              (13 damage)
             ... on level 4 of the Dungeon.
             The game lasted 00:05:29 (3181 turns).

Cryolive the Digger (Gargoyle Earth Elementalist)   Turns: 3181, Time: 00:05:29

Health: -9/28      AC:  9    Str: 12    XL:     5   Next: 69%
Magic:  10/10      EV: 12    Int: 16    God:    Vehumet [......]
Gold:   251        SH:  0    Dex: 10    Spells: 2/11 levels left

rFire    + . .     SeeInvis .   x - +0 flail
rCold    . . .     Gourm    .   (no shield)
rNeg     + . .     Faith    .   m - +2 robe {rF+}
rPois    ∞         Spirit   .   (no helmet)
rElec    +         Reflect  .   (no cloak)
rCorr    .         Harm     .   (no gloves)
MR       .....                  e - +0 pair of boots
Stlth    ++........             (no amulet)
HPRegen  0.09/turn              (no ring)
MPRegen  0.12/turn              (no ring)

@: no status effects
A: negative energy resistance 1, electricity resistance, unbreathing,
petrification resistance, rot immunity, AC +4
a: Renounce Religion


You were on level 4 of the Dungeon.
You worshipped Vehumet.
Vehumet was noncommittal.
You were not hungry.

You visited 1 branch of the dungeon, and saw 4 of its levels.

You collected 251 gold pieces.

Inventory:

Hand Weapons
 x - a +0 flail (weapon)
Missiles
 b - 61 stones (quivered)
Armour
 c - a +0 robe
 e - a +0 pair of boots (worn)
 m - a +2 robe of fire resistance (worn)
Jewellery
 w - an uncursed ring of ice {unknown}
 y - a +2 ring of slaying
Scrolls
 f - 2 scrolls of fear {unknown}
 h - 3 scrolls of remove curse {unknown}
 i - a scroll of enchant weapon {unknown}
 k - a scroll of fog {unknown}
 n - 6 scrolls of identify {unknown}
 o - a scroll of enchant armour {unknown}
 r - 2 scrolls of random uselessness {unknown}
 u - 2 scrolls of magic mapping {unknown}
 v - a scroll of immolation {unknown}
Potions
 a - a potion of curing {unknown}
 g - a potion of mutation {unknown}
 j - a potion of might {unknown}
 l - a potion of haste {unknown}
 p - a potion of agility {unknown}
 q - a potion of magic {unknown}
 s - 3 potions of heal wounds {unknown}
 t - a potion of flight {unknown}
Comestibles
 d - 8 rations
 z - 3 chunks of flesh


   Skills:
 - Level 1.5 Dodging
 - Level 2.1 Stealth
 + Level 3.7 Spellcasting
 + Level 2.1 Conjurations
   Level 0.7 Transmutations
 + Level 5.5 Earth Magic


You had 2 spell levels left.
You knew the following spells:

 Your Spells              Type           Power        Failure   Level  Hunger
a - Sandblast             Erth           ###...       1%          1    None
b - Stone Arrow           Conj/Erth      ###...       11%         3    ###....
c - Lee's Rapid Deconstr  Erth           ###.......   45%         5    ######.

Your spell library contained the following spells:

 Spells                   Type           Power        Failure   Level  Hunger
 Passwall                 Tmut/Erth      ##......     8%          2    ##.....
 Petrify                  Tmut/Erth      ##......     43%         4    ####...


Dungeon Overview and Level Annotations

Branches:
Dungeon (4/15)
 Temple: D:4-7

Altars:
Okawaru
Vehumet

Annotations:
D:2 1 runed door
D:4 Sigmund


Innate Abilities, Weirdness & Mutations

You are resistant to torment.
Your stone body is resilient. (AC +4)
You are immune to poison.
You resist negative energy. (rN+)
You are resistant to electric shocks. (rElec)
You can survive without breathing.
You are immune to petrification.
You are immune to rotting.


Message History

You are unaffected.
You closely miss the iguana.
The iguana is severely wounded.
The orc priest shouts!
The iguana bites you. The iguana closely misses you.
You barely miss the iguana.
The iguana is severely wounded.
The iguana bites you.
Sigmund mumbles some strange words.
Sigmund flickers and vanishes!
Deactivating autopickup; reactivate with Ctrl-A.
The orc priest hits you with a +0 hand axe.
* * * LOW HITPOINT WARNING * * *
The orc priest hits you but does no damage.
The orc priest barely misses you.
The orc priest hits you with a +0 hand axe.
* * * LOW HITPOINT WARNING * * *
The orc priest mumbles some strange prayers to Beogh against you.
Beogh smites you!
You die...

...................
..................#
.................##...
.................#....
......................
......................
.....###..l....../....
.!. ##..o........... #
.###...o.@.........
............<.......
.##.................
.................#..
....)....†.....###
...................
....................
..o...............#
....?..####.....##


You could see an iguana and 2 orc priests.

Vanquished Creatures
  Jessica (D:2)
  3 gnolls (D:3)
  6 adders
  4 worms
  4 dart slugs (D:1)
  5 orcs (D:3)
  A ball python (D:4)
  3 bats
  5 giant cockroaches
  2 goblins
  9 hobgoblins
  2 jackals (D:3)
  A quokka (D:2)
  6 frilled lizards
  3 kobolds
  A leopard gecko skeleton (D:2)
  6 rats
62 creatures vanquished.

Notes
Turn   | Place    | Note
-------+----------+-------------------------------------------
     0 | D:1      | Cryolive the Gargoyle Earth Elementalist began the quest
                  | for the Orb.
     0 | D:1      | Reached XP level 1. HP: 10/10 MP: 3/3
   162 | D:1      | Reached skill level 4 in Earth Magic
   162 | D:1      | Reached XP level 2. HP: 14/15 MP: 5/5
   641 | D:2      | Noticed Jessica
   656 | D:2      | Killed Jessica
   656 | D:2      | Reached XP level 3. HP: 8/19 MP: 2/7
  1022 | D:2      | Learned a level 3 spell: Stone Arrow
  1053 | D:2      | Reached XP level 4. HP: 17/24 MP: 8/8
  1302 | D:2      | Noticed Sigmund
  1543 | D:2      | Reached skill level 1 in Conjurations
  1543 | D:2      | Reached skill level 5 in Earth Magic
  1716 | D:2      | Found a runed door.
  1998 | D:3      | Found an iron altar of Okawaru.
  2064 | D:3      | Found a radiant altar of Vehumet.
  2187 | D:3      | Became a worshipper of Vehumet
  2277 | D:3      | Reached XP level 5. HP: 22/28 MP: 10/10
  3036 | D:2      | Learned a level 5 spell: Lee's Rapid Deconstruction
  3181 | D:4      | Killed from afar by an orc priest

Vault maps used:
D:1:      dpeg_arrival_chambers_temple_mockup
D:2:      uniq_jessica, uniq_sigmund, uniq_crazy_yiuf_cottage
D:3:      okawaru_metal_pillars_3, old_standard_altar, first_ration,
          kennysheep_generic_room_5
D:4:      nicolae_overflow_crystal_walls, serial_bayou_pond_c

Skill      XL: |  1  2  3  4  5 |
---------------+----------------+-----
Earth Magic    | 4 5 |  5.5
Spellcasting   | 3 |  3.7
Conjurations   | 1 2 |  2.1
Dodging        | |  1.5
Stealth        | |  2.1
Transmutations | |  0.7

Action                   |  1- 3 |  4- 6 || total
-------------------------+-------+-------++-------
Melee: Spear             |    98 |   124 ||   222
       Flail             |       |    57 ||    57
 Cast: Sandblast         |     5 |    14 ||    19
 Stab: Sleeping          |     4 |     4 ||     8
  Eat: Chunk             |       |     8 ||     8
Armor: Robe              |    24 |    72 ||    96
Dodge: Dodged            |    60 |   132 ||   192

Table legend:
 A = Non-vault XP
 B = Vault XP
 C = Vault XP percentage of total XP
 D = Non-vault monster count
 E = Vault monster count
 F = Vault count percentage of total count
                 A         B        C        D         E       F
            +---------+---------+-------+---------+---------+-------
      Total |     235 |      37 |  13.6 |      61 |       1 |   1.6
            +---------+---------+-------+---------+---------+-------
        D:1 |      32 |       0 |   0.0 |      15 |       0 |   0.0
        D:2 |      70 |      37 |  34.6 |      18 |       1 |   5.3
        D:3 |     131 |       0 |   0.0 |      27 |       0 |   0.0
        D:4 |       2 |       0 |   0.0 |       1 |       0 |   0.0
            +---------+---------+-------+---------+---------+-------
